 Dungeon Crawl Stone Soup version 0.23.2-30-g0e89c35649 (webtiles) character file.

Game seed: 13548610431443625415

783 dvd the Firebug (level 7, -6/43 HPs)
             Began as an Octopode Fire Elementalist on June 25, 2019.
             Was a Follower of Vehumet.
             Shot with an arrow by a centaur (12 damage)
             ... on level 6 of the Dungeon.
             The game lasted 00:20:21 (6242 turns).

dvd the Firebug (Octopode Fire Elementalist)        Turns: 6242, Time: 00:20:22

Health: -6/43      AC:  1    Str:  7    XL:     7   Next: 86%
Magic:  13/13      EV: 14    Int: 20    God:    Vehumet [*.....]
Gold:   285        SH:  4    Dex: 18    Spells: 6/14 levels left

rFire    . . .     SeeInvis .   a - +0 hand axe
rCold    . . .     Gourm    .   y - +0 buckler
rNeg     + . .     Faith    .   (helmet restricted)
rPois    +         Spirit   .   (no amulet)
rElec    .         Reflect  .   c - ring of poison resistance
rCorr    .         Harm     .   v - ring of positive energy
MR       .....                  x - +6 ring of dexterity
Stlth    ++++......             (no ring)
HPRegen  0.14/turn              (no ring)
MPRegen  0.13/turn              (no ring)
                                (no ring)
                                (no ring)

@: no status effects
A: almost no armour, stealthy swim, amphibious, 8 rings, constrict 8, camouflage
1, gelatinous body 1
a: Renounce Religion


You were on level 6 of the Dungeon.
You worshipped Vehumet.
Vehumet was aware of your devotion.
You were not hungry.

You visited 2 branches of the dungeon, and saw 7 of its levels.

You collected 285 gold pieces.

Inventory:

Hand Weapons
 a - a +0 hand axe (weapon)
 o - a +0 spear of venom
 s - a +0 morningstar
Missiles
 t - 5 tomahawks (quivered)
Armour
 y - a +0 buckler (worn)
Jewellery
 c - a ring of poison resistance (left tentacle)
 v - a ring of positive energy (right tentacle)
 x - a +6 ring of dexterity (on tentacle)
Wands
 u - a wand of random effects (14)
 A - a wand of flame (15)
Scrolls
 d - 5 scrolls of random uselessness {unknown}
 e - a scroll of fear {unknown}
 f - 5 scrolls of identify {unknown}
 g - 2 scrolls of remove curse {unknown}
 h - 5 scrolls of blinking {unknown}
 i - 2 scrolls of enchant weapon {unknown}
 j - a scroll of fog {unknown}
 k - a scroll of noise {unknown}
 l - 2 scrolls of teleportation {unknown}
 w - a scroll of immolation {unknown}
Potions
 m - 2 potions of degeneration {unknown}
 n - a potion of haste {unknown}
 p - 2 potions of agility {unknown}
 q - 2 potions of cancellation {unknown}
 r - 2 potions of flight {unknown}
Comestibles
 b - 12 rations


   Skills:
 + Level 1.0 Fighting
 + Level 1.7 Axes
 + Level 3.0 Dodging
 + Level 3.9 Stealth
 * Level 1.4 Shields
 + Level 4.3 Spellcasting
 + Level 3.6 Conjurations
 + Level 5.3 Fire Magic


You had 6 spell levels left.
You knew the following spells:

 Your Spells              Type           Power        Failure   Level  Hunger
a - Flame Tongue          Conj/Fire      ###..        2%          1    None
b - Throw Flame           Conj/Fire      ###...       4%          2    #......
c - Sticky Flame          Conj/Fire      ###.....     26%         4    ####...
d - Shock                 Conj/Air       ##..         9%          1    None

Your spell library contained the following spells:

 Spells                   Type           Power        Failure   Level  Hunger
 Sting                    Conj/Pois      ##..         9%          1    None
 Conjure Flame            Conj/Fire      ###.....     9%          3    ###....
 Inner Flame              Hex/Fire       ###.....     17%         3    ###....
 Static Discharge         Conj/Air       ##......     24%         3    ###....
 Swiftness                Chrm/Air       #.......     26%         2    #......
 Fireball                 Conj/Fire      ###.......   58%         5    ######.
 Airstrike                Air            #.........   86%         4    ####...
 Lightning Bolt           Conj/Air       ##........   92%         5    ######.


Dungeon Overview and Level Annotations

Branches:
Dungeon (6/15)             Temple (1/1) D:4

Altars:
Cheibriados
Dithmenos
Elyvilon
Fedhas
Gozag
Hepliaklqana
Kikubaaqudgha
Makhleb
Nemelex Xobeh
Qazlal
Ru
Sif Muna
Trog
Uskayaw
Vehumet
Wu Jian
Xom
Yredelemnul
Zin
Lugonu

Annotations:
D:5 HASTUR3's ghost, novice DEWz


Innate Abilities, Weirdness & Mutations

You cannot wear most types of armour.
You are very stealthy in the water. (Stealth+)
You are amphibious.
You can wear up to eight rings at the same time.
You can use your tentacles to constrict eight enemies at once.
Your skin changes colour to match your surroundings (Stealth+).
Your rubbery body absorbs attacks. (AC +1, EV +1)


Message History

You see here an arrow.
The centaur shoots an arrow.
You block the arrow.
All of the chunks of flesh in your inventory have rotted away.
You see here an arrow.
An orc wizard comes into view. It is wielding a +0 dagger.
The centaur shoots an arrow.
The arrow hits you!
You see here an arrow.
The centaur shoots an arrow.
The arrow hits you!
You see here an arrow.
The centaur shoots an arrow.
The arrow hits you!
* * * LOW HITPOINT WARNING * * *
You see here an arrow.
Unknown command.
Evoke which item? (* to show all) (? for menu, Esc to quit)
Aiming: Random Effects
Press: ? - help, Shift-Dir - straight line, f - centaur
Aim: a centaur, wielding a +0 shortbow The centaur resists with some effort.
The centaur shoots an arrow.
The arrow hits you!
You die...

................###
..................#
##.####..####..#....# ... #.
#..#..#.## #...##. #.....#..#
# #.....#######......## #.#.
#...##.#........### .
#c..##c..(.(..#...#....####..
....o..##(.#@.#...###..÷.....
##....#..#####..###.....#...
##.....(..## #.###...#..###.
#..........# #...#..##....#.
.....###....####....#####....
...####...#.......### #.....
..........##...#..######..#..
..$........##...#...#.#...###
......†.........##.......##


You could see a centaur.

Vanquished Creatures
  A sky beast (D:6)
  3 bullfrogs (D:6)
  A scorpion (D:6)
  A quasit (D:5)
  A bullfrog zombie (D:5)
  An orc priest (D:4)
  An orc wizard (D:4)
  A centaur skeleton (D:5)
  An iguana (D:5)
  2 worker ants (D:5)
  A hound skeleton (D:5)
  9 adders
  A shadow imp (D:5)
  2 oozes
  An adder skeleton (D:4)
  A dart slug (D:1)
  2 leopard geckos (D:3)
  20 orcs
  3 giant cockroaches
  6 hobgoblins
  8 jackals
  A ball python (D:2)
  13 bats
  5 frilled lizards
  A giant cockroach zombie (D:5)
  11 goblins
  4 kobolds
  9 rats
111 creatures vanquished.

Notes
Turn   | Place    | Note
-------+----------+-------------------------------------------
     0 | D:1      | dvd the Octopode Fire Elementalist began the quest for the
                  | Orb.
     0 | D:1      | Reached XP level 1. HP: 11/11 MP: 3/3
   307 | D:1      | Reached XP level 2. HP: 17/17 MP: 3/5
   370 | D:1      | Learned a level 2 spell: Throw Flame
   772 | D:1      | Reached XP level 3. HP: 21/21 MP: 2/6
  1577 | D:2      | Found an ancient bone altar of Kikubaaqudgha.
  1578 | D:2      | Found a glowing silver altar of Zin.
  1578 | D:2      | Found a burning altar of Makhleb.
  1787 | D:2      | Reached skill level 4 in Fire Magic
  1939 | D:2      | Found a sacrificial altar of Ru.
  1964 | D:2      | Reached XP level 4. HP: 11/27 MP: 1/7
  3169 | D:3      | Learned a level 4 spell: Sticky Flame
  3309 | D:3      | Found a white marble altar of Elyvilon.
  3314 | D:3      | Reached XP level 5. HP: 31/31 MP: 5/9
  3367 | D:3      | Found a shadowy altar of Dithmenos.
  3394 | D:3      | Found a basalt altar of Yredelemnul.
  4145 | D:4      | Found a staircase to the Ecumenical Temple.
  4151 | Temple   | Entered the Ecumenical Temple
  4183 | Temple   | Became a worshipper of Vehumet
  4370 | D:4      | Found a blossoming altar of Fedhas.
  4370 | D:4      | Found a stormy altar of Qazlal.
  4490 | D:4      | Reached XP level 6. HP: 36/37 MP: 5/11
  4828 | D:5      | Entered Level 5 of the Dungeon
  4828 | D:5      | Found a blossoming altar of Fedhas.
  5228 | D:5      | Reached * piety under Vehumet
  5228 | D:5      | Offered knowledge of Sting by Vehumet.
  5290 | D:5      | Found a transporter.
  5331 | D:5      | Found a transporter.
  5355 | D:5      | Noticed HASTUR3's ghost (novice DEWz)
  5640 | D:5      | Reached skill level 1 in Axes
  5671 | D:5      | Reached XP level 7. HP: 42/42 MP: 2/12
  5805 | D:6      | Reached skill level 5 in Fire Magic
  5942 | D:6      | Found a hide-covered altar of Uskayaw.
  6029 | D:6      | Reached skill level 1 in Shields
  6197 | D:6      | Learned a level 1 spell: Shock
  6208 | D:6      | Reached skill level 1 in Fighting
  6242 | D:6      | Shot with an arrow by a centaur

Skill      XL: |  1  2  3  4  5  6  7 |
---------------+----------------------+-----
Stealth        | 3 |  3.9
Fire Magic     | 4 5 |  5.3
Spellcasting   | 3 4 |  4.3
Conjurations   | 2 3 |  3.6
Axes           | 1 |  1.7
Dodging        | 3 |  3.0
Shields        | 1 |  1.4
Fighting       | 1 |  1.0

Action                   |  1- 3 |  4- 6 |  7- 9 || total
-------------------------+-------+-------+-------++-------
Melee: Hand axe          |     2 |    46 |     2 ||    50
       Constrict         |     1 |    15 |     1 ||    17
       Tentacles         |     1 |     6 |       ||     7
 Cast: Flame Tongue      |    44 |   115 |    18 ||   177
       Throw Flame       |    13 |    24 |     3 ||    40
       Sticky Flame      |       |     1 |     3 ||     4
       Shock             |       |       |     2 ||     2
Evoke: Wand              |       |       |     1 ||     1
 Stab: Sleeping          |       |     1 |       ||     1
  Eat: Chunk             |     4 |    12 |     3 ||    19
Armor: Skin              |       |     9 |     1 ||    10
Dodge: Dodged            |     9 |    77 |     8 ||    94
Block: Buckler           |       |       |     3 ||     3
